 Dungeon Crawl Stone Soup version 0.18.1-50-g88ac8fd (webtiles) character file.

16 Menesh the Grave Robber (level 2, 0/19 (20) HPs)
             Began as a Ghoul Necromancer on Feb 24, 2017.
             Slain by a worm (11 damage)
             ... on level 1 of the Dungeon.
             The game lasted 00:06:42 (377 turns).

Menesh the Grave Robber (Ghoul Necromancer)          Turns: 377, Time: 00:06:43

HP:   0/19 (20)     AC:  2    Str: 11    XL:     2   Next: 58%
MP:   2/3           EV: 12    Int: 10    God:
Gold: 14            SH:  0    Dex:  9    Spells: 1 memorised, 3 levels left

rFire  . . .     SeeInvis .     (no weapon)
rCold  + . .     Gourm    .     a - +0 robe
rNeg   + + +     Faith    .     (no shield)
rPois  ∞         Spirit   .     (no helmet)
rElec  .         Dismiss  .     (no cloak)
rCorr  .         Reflect  .     (no gloves)
SustAt .         Harm     .     (no boots)
MR     .....                    (no amulet)
Stlth  ++........               (no ring)
                                (no ring)

@: very slightly contaminated, rotting, not resistant to hostile enchantments,
unstealthy
A: rotting body, claws 1, carnivore 3, cold resistance 1, negative energy
resistance 3, slow regeneration 1, torment resistance, unbreathing
a: no special abilities


You were on level 1 of the Dungeon.
You were not hungry.

You visited 1 branch of the dungeon, and saw 1 of its levels.

You collected 14 gold pieces.

Inventory:

Hand Weapons
 f - a +0 dagger
Armour
 a - a +0 robe (worn)
Jewellery
 d - a cursed ring of loudness {unknown}
Potions
 e - a potion of heal wounds {unknown}
 g - a potion of cure mutation {unknown}
Books
 b - a book of Necromancy

   Spells                             Type                      Level
   a - Pain                           Necromancy                   1
   b - Animate Skeleton               Necromancy                   1
   c - Vampiric Draining              Necromancy                   3
   d - Regeneration                   Charms/Necromancy            3
   e - Animate Dead                   Necromancy                   4
   f - Control Undead                 Necromancy                   4
Comestibles
 c - 3 chunks of flesh


   Skills:
 + Level 0.2 Fighting
 + Level 2.0 Dodging
 + Level 2.2 Stealth
 + Level 0.2 Unarmed Combat
 - Level 1.9 Spellcasting
 * Level 4.3 Necromancy


You had 3 spell levels left.
You knew the following spells:

 Your Spells              Type           Power        Failure   Level  Hunger
a - Pain                  Necr           #...         8%          1    ##.....


Dungeon Overview and Level Annotations

Branches:
Dungeon (1/15)

Altars:
Okawaru


Innate Abilities, Weirdness & Mutations

Your body is rotting away.
You thrive on raw meat.
You are immune to poison.
You have sharp fingernails.
You are carnivorous and can eat meat at any time.
Your flesh is cold resistant.
You are immune to negative energy.
You regenerate slowly when monsters are visible.
You are immune to unholy pain and torment.
You can survive without breathing.


Message History

You scratch the kobold.
You kill the kobold!
Casting: Pain
Confirm with . or Enter, or press ? or * to list all spells.
Aiming: Pain
Press: ? - help, Shift-Dir - straight line, f/p - worm
Aim: a worm (chance to defeat MR: 68%)
The worm convulses in agony!
The worm bites you.
You scratch the worm.
The worm is heavily wounded.
You scratch the worm but do no damage.
The worm is heavily wounded.
The worm barely misses you.
You scratch the worm but do no damage.
The worm is heavily wounded.
You scratch the worm. You claw the worm.
The worm is severely wounded.
The worm bites you!
Ouch! That really hurt!
You die...

#...........##.>......##..#
#.l..###....##........###.#
#.).. #...#.............#.#
#..........######.......#..
............. ..........#..
..####.#####.......#.
...#.>.# #....>....
#.###.####.....#..
#@w....##......#..
#####.(..).....##.
#........†....##.
.....####.#......##. ...#
#........##. ..
###......... #.........
.......... #.........


You could see a worm.

Vanquished Creatures
  A ball python (D:1)
  3 giant cockroaches (D:1)
  A goblin (D:1)
  A hobgoblin (D:1)
  4 kobolds (D:1)
  3 giant newts (D:1)
  3 rats (D:1)
16 creatures vanquished.

Notes
Turn   | Place    | Note
--------------------------------------------------------------
     0 | D:1      | Menesh the Ghoul Necromancer began the quest for the Orb.
     0 | D:1      | Reached XP level 1. HP: 14/14 MP: 2/2
   167 | D:1      | Reached XP level 2. HP: 16/19 MP: 1/3
   218 | D:1      | Found an iron altar of Okawaru.
   377 | D:1      | Slain by a worm

Skill      XL: |  1  2 |
---------------+-------+-----
Dodging        | 2 |  2.0
Fighting       | |  0.2
Stealth        | |  2.2
Unarmed Combat | |  0.2
Spellcasting   | |  1.9
Necromancy     | |  4.3

Action                   || total
-------------------------++-------
Melee: Unarmed           ||    35
       Punch             ||     1
 Cast: Pain              ||    15
  Use: Scroll            ||     1
       Potion            ||     1
  Eat: Meat ration       ||     1
       Chunk             ||     1
Armor: Robe              ||    13
Dodge: Dodged            ||    26
